 Dungeon Crawl Stone Soup version 0.17-a0-1324-ga541562 (webtiles) character file.

293 nuthulu the Shield-Bearer (level 6, -6/38 HPs)
             Began as a Gargoyle Fighter on June 9, 2015.
             Killed by nerve-wracking pain
             ... invoked by an orc priest
              (9 damage)
             ... on level 4 of the Dungeon.
             The game lasted 00:08:30 (2787 turns).

nuthulu the Shield-Bearer (Gargoyle Fighter)        Turns: 2787, Time: 00:08:32

Health: -6/38      AC: 11    Str: 26    XL:     6   Next: 33%
Magic:  6/6        EV:  8    Int:  9    God:
Gold:   124        SH: 10    Dex:  9    Spells: 0 memorised, 5 levels left

rFire  + . .     SeeInvis .     a - +0 flail
rCold  . . .     Clarity  .     b - +0 scale mail
rNeg   + . .     SustAt   .     c - +0 shield
rPois  ∞         Gourm    .     (no helmet)
rElec  +         Spirit   .     (no cloak)
rCorr  .         Warding  .     (no gloves)
rMut   .         Stasis   .     (no boots)
MR     .....                    (no amulet)
Stlth  ..........               (no ring)
                                g - ring of teleport control

@: mighty, not resistant to hostile enchantments, extremely unstealthy
A: fire resistance 1, negative energy resistance 1, electricity resistance, spit
poison 1, unbreathing, petrification resistance, rot immunity, subdued magic 1,
AC +4
a: Spit Poison, Evoke Teleport Control


You were on level 4 of the Dungeon.
You were hungry.

You visited 1 branch of the dungeon, and saw 4 of its levels.

You collected 124 gold pieces.

Inventory:

Hand weapons
 a - a +0 flail (weapon)
Missiles
 k - a throwing net (quivered)
Armour
 b - a +0 scale mail (worn)
 c - a +0 shield (worn)
Jewellery
 g - a ring of teleport control (left hand)
Potions
 d - a potion of might
 j - 3 potions of curing
Comestibles
 e - 6 bread rations
 f - 3 meat rations
 l - a chunk of flesh


   Skills:
 + Level 4.0 Fighting
 * Level 3.3 Maces & Flails
 * Level 4.5 Armour
 * Level 5.7 Shields


You had 5 spell levels left.
You didn't know any spells.

Dungeon Overview and Level Annotations

Branches:
Dungeon (4/15)
 Temple: D:4-7

Altars:


Innate Abilities, Weirdness & Mutations

You are resistant to torment.
Your stone body is resilient (AC +4).
You are immune to poison.
You resist negative energy.
You are resistant to electric shocks.
You can survive without breathing.
You are immune to petrification.
You are immune to rotting.
Your flesh is heat resistant.
You can spit weak poison.
Your spells are a little easier to cast, but a little less powerful.


Message History

Drink which item? (? for menu, Esc to quit)
You feel very mighty all of a sudden.
The hobgoblin shouts!
You sock Menkaure!
Menkaure is heavily damaged.
The orc priest mumbles some strange prayers to Beogh.
You feel troubled. Menkaure hits you!
Ouch! That really hurt!
* * * LOW HITPOINT WARNING * * *
You bludgeon Menkaure!!
You destroy Menkaure!
Your Fighting skill increases to level 4!
You have reached level 6!
Your experience leads to an increase in your attributes!
Your base attributes are Str 20, Int 9, Dex 9.
Increase (S)trength, (I)ntelligence, or (D)exterity?
You feel stronger.
The orc priest mumbles some strange prayers to Beogh against you.
Pain shoots through your body!
You die...

...# ...# #.........
..=######### #.........
...(.(.)...# #......g..
...........# #.........
...........# #.........
...........####.........
..................Z.....
....#####+#.....@..o....
....# #....###+##oo.
#+### #.†..# +....+
#....# ......# ....#+###
...... ......


You could see an orc priest, an orc wizard (wandering), an orc (wandering), a
hobgoblin and a giant gecko skeleton.

Vanquished Creatures
  Menkaure (D:4)
  Ijyb (D:3)
  3 gnolls (D:3)
  5 adders
  2 oozes
  A worm (D:3)
  2 giant geckos (D:2)
  5 orcs (D:3)
  10 bats
  3 hobgoblins
  8 jackals
  6 kobolds
  2 quokkas
  3 giant newts
  3 goblins
  6 rats
61 creatures vanquished.

Notes
Turn   | Place    | Note
--------------------------------------------------------------
     0 | D:1      | nuthulu the Gargoyle Fighter began the quest for the Orb.
     0 | D:1      | Reached XP level 1. HP: 14/14 MP: 1/1
   271 | D:1      | Reached XP level 2. HP: 19/19 MP: 2/2
   991 | D:2      | Reached XP level 3. HP: 23/23 MP: 3/3
  1665 | D:3      | Reached skill level 4 in Shields
  1764 | D:3      | Reached XP level 4. HP: 27/29 MP: 4/4
  1938 | D:3      | Noticed Ijyb
  1975 | D:3      | Killed Ijyb
  2116 | D:3      | Reached XP level 5. HP: 28/33 MP: 5/5
  2144 | D:3      | Reached skill level 5 in Shields
  2212 | D:3      | Gained mutation: You can spit weak poison. [potion of mutation]
  2212 | D:3      | Gained mutation: Your flesh is heat resistant. [potion of mutation]
  2212 | D:3      | Gained mutation: Your spells are a little easier to cast, but a little less powerful. [potion of mutation]
  2781 | D:4      | Noticed Menkaure
  2787 | D:4      | Killed Menkaure
  2787 | D:4      | Reached XP level 6. HP: 3/38 MP: 6/6
  2787 | D:4      | Killed from afar by an orc priest

Vault maps used:
D:1:      minmay_arrival_arboretum_small, amethyst_killhole
D:2:      first_bread, kennysheep_generic_room_14
D:3:      uniq_iyjb
D:4:      minmay_temple_entry_overgrown, guppyfry_early_orc_mine, uniq_menkaure

Action                   |  1- 3 |  4- 6 || total
-------------------------+-------+-------++-------
Melee: Flail             |   166 |   171 ||   337
  Use: Scroll            |     2 |     2 ||     4
       Potion            |     1 |     3 ||     4
  Eat: Chunk             |     3 |     3 ||     6
